 Dungeon Crawl Stone Soup version 0.29.1-1-gd02db6906a (webtiles) character file.

Game seed: 3562610691857894709

9 Kold the Insei (level 2, 17/21 HPs)
             Began as a Demonspawn Transmuter on Oct 19, 2022.
             Quit the game on level 1 of the Dungeon.
             The game lasted 00:00:27 (684 turns).

Kold the Insei (Demonspawn Transmuter)               Turns: 684, Time: 00:00:28

Health: 17/21      AC:  2    Str: 10    XL:     2   Next: 3%
Magic:  5/5        EV: 12    Int: 14    God:
Gold:   33         SH:  0    Dex: 13    Spells: 4/5 levels left

rFire   . . .      SeeInvis .     - Unarmed
rCold   . . .      Faith    .   (no shield)
rNeg    . . .      Spirit   .   a - +0 robe
rPois   .          Reflect  .   (no helmet)
rElec   .          Harm     .   (no cloak)
rCorr   .          Rampage  .   (no gloves)
Will    .....                   (no boots)
Stlth   +.........              (no amulet)
HPRegen 0.07/turn               (no ring)
MPRegen 0.09/turn               (no ring)

@: no status effects
A: weakness stinger 1
a: no special abilities


You were on level 1 of the Dungeon.
You visited 1 branch of the dungeon, and saw 1 of its levels.

You collected 33 gold pieces.

Inventory:

Armour
 a - a +0 robe (worn)
Scrolls
 c - a scroll of vulnerability {unknown}
 d - a scroll of immolation {unknown}
Potions
 b - a potion of lignification
 e - a potion of cancellation {unknown}


   Skills:
 + Level 1.2 Fighting
 + Level 1.9 Dodging
 + Level 2.8 Unarmed Combat
 + Level 2.1 Spellcasting
 + Level 1.9 Transmutations


You had 4 spell levels left.
You knew the following spells:

 Your Spells              Type           Power      Damage    Failure   Level
a - Beastly Appendage     Tmut           14%        N/A       11%         1

Your spell library contained the following spells:

 Spells                   Type           Power      Damage    Failure   Level
 Wereblood                Tmut           7%         N/A       16%         2
 Spider Form              Tmut/Pois      4%         N/A       43%         3
 Ice Form                 Ice/Tmut       4%         N/A       83%         4


Dungeon Overview and Level Annotations

Branches:
Dungeon (1/15)

Altars:


Innate Abilities, Weirdness & Mutations

You have a small tail.


Message History

You barely miss the ball python.
The ball python is severely wounded.
The ball python bites you but does no damage.
The ball python constricts you.
You closely miss the ball python.
The ball python is severely wounded.
The ball python closely misses you. The ball python constricts you.
You hit the ball python.
You kill the ball python!
A bat comes into view.
A bat is nearby!
A bat is nearby!
The bat closely misses you.
Found a scroll labelled NUHIESHR QOALI.
The bat closely misses you.
You hit the bat.
You kill the bat!
No target in view!
A kobold comes into view. It is wielding a +0 club.
The kobold shouts!
A kobold is nearby!
A kobold is nearby!
Found a scroll labelled QAOT CUUWU.
A bat comes into view.
The kobold misses you.
You closely miss the kobold. The bat closely misses you. The kobold misses you.
You barely miss the kobold. The bat hits you but does no damage.
The kobold hits you with a +0 club.
You hit the kobold.
The kobold is moderately wounded.
The bat hits you but does no damage. The kobold hits you but does no damage.
You hit the kobold.
The kobold is severely wounded.
The bat barely misses you.
You hit the kobold.
You kill the kobold!
The bat closely misses you.
You have reached level 2!
Your demonic ancestry asserts itself...
You grow a small tail.
Are you sure you want to abandon this character and quit the game? (Confirm with "yes".)

####
.....##########
..?.......?...#
#....b@......#
............#.#
####.######.#.#
# #.#.# #.#.#
#.#.# #.#.#
######.#.#
..........###


You could see a bat.

Vanquished Creatures
  2 bats (D:1)
  An endoplasm (D:1)
  2 ball pythons (D:1)
  3 kobolds (D:1)
  A rat (D:1)
9 creatures vanquished.

Notes
Turn   | Place    | Note
-------+----------+-------------------------------------------
     0 | D:1      | Kold the Demonspawn Transmuter began the quest for the Orb.
     0 | D:1      | Reached XP level 1. HP: 15/15 MP: 3/3
   684 | D:1      | Gained mutation: You have a small tail. [demonic ancestry]
   684 | D:1      | Reached XP level 2. HP: 17/21 MP: 5/5
   684 | D:1      | Quit the game

Illustrated notes

Levels and vault maps discovered:
D:1:      co_arrival_random_square_maze, layout_loops_ring,
          hangedman_decor_diamond_cutter

Action                   || total
-------------------------++-------
Melee: Unarmed           ||    23
 Cast: Beastly Appendage ||     1
Armor: Robe              ||     9
Dodge: Dodged            ||    20
